 Dungeon Crawl Stone Soup version 0.29.0-5-ge4962eb29e (webtiles) character file.

Game seed: 6209832965058630665

70 apoch the Chopper (level 4, -7/38 (39) HPs)
             Began as a Hill Orc Fighter on Aug 30, 2022.
             Mangled by Crazy Yiuf
             ... wielding a +3 quarterstaff of chaos
              (10 damage)
             ... on level 2 of the Dungeon.
             The game lasted 00:02:28 (1858 turns).

apoch the Chopper (Hill Orc Fighter)                Turns: 1858, Time: 00:02:29

HP:   -7/38 (39)    AC:  9    Str: 20    XL:     4   Next: 21%
MP:   4/4           EV:  9    Int:  8    God:
Gold: 69            SH:  4    Dex: 10    Spells: 3/3 levels left

rFire   . . .      SeeInvis .   p - +2 whip (vamp)
rCold   . . .      Faith    .   c - +0 buckler
rNeg    . . .      Spirit   .   b - +0 scale mail
rPois   .          Reflect  .   (no helmet)
rElec   .          Harm     .   (no cloak)
rCorr   .          Rampage  .   n - +0 pair of gloves
Will    .....                   h - +0 pair of boots
Stlth   ..........              (no amulet)
HPRegen 0.12/turn               (no ring)
MPRegen 0.09/turn               (no ring)

@: lightly drained
A: no striking features
a: no special abilities


You were on level 2 of the Dungeon.
You visited 1 branch of the dungeon, and saw 2 of its levels.

You collected 69 gold pieces.

Inventory:

Hand Weapons
 a - a +0 war axe
 p - a +2 vampiric whip (weapon)
Armour
 b - a +0 scale mail (worn)
 c - a +0 buckler (worn)
 h - a +0 pair of boots (worn)
 n - a +0 pair of gloves (worn)
Jewellery
 e - an amulet of reflection
 m - a ring of see invisible
Scrolls
 g - 3 scrolls of identify {unknown}
 i - a scroll of enchant armour {unknown}
 k - a scroll of teleportation {unknown}
 o - a scroll of fear {unknown}
 q - a scroll of butterflies {unknown}
Potions
 d - a potion of might
 f - 2 potions of curing {unknown}
 j - a potion of attraction {unknown}
 l - a potion of degeneration {unknown}


   Skills:
 - Level 3.6 Fighting
 + Level 5.8 Axes
 - Level 3.2 Armour
 - Level 3.2 Shields


You had 3 spell levels left.
You didn't know any spells.
Your spell library contained the following spells:

 Spells                   Type           Power      Damage    Failure   Level
 Slow                     Hex            0%         N/A       85%         1
 Confusing Touch          Hex            0%         N/A       99%         3
 Vampiric Draining        Necr           0%         2d6       99%         3


Dungeon Overview and Level Annotations

Branches:
Dungeon (2/15)

Altars:

Annotations:
D:2 Crazy Yiuf


Message History

Crazy Yiuf grits, "Scoff alas tired!"
Crazy Yiuf grits, "Action!"
Done waiting.
You open the door.
Crazy Yiuf waves his quarterstaff at you.
You barely miss Crazy Yiuf. You block Crazy Yiuf's attack.
You hit Crazy Yiuf.
Crazy Yiuf is moderately wounded.
Crazy Yiuf cries, "Ghoul mumblescurry testudinal!"
Crazy Yiuf barely misses you.
You closely miss Crazy Yiuf.
Crazy Yiuf is moderately wounded.
Crazy Yiuf hits you with a +3 quarterstaff of chaos!
Crazy Yiuf freezes you.
You closely miss Crazy Yiuf.
Crazy Yiuf is moderately wounded.
Crazy Yiuf hits you but does no damage.
You feel drained.
You hit Crazy Yiuf but do no damage.
Crazy Yiuf is moderately wounded.
Crazy Yiuf hits you with a +3 quarterstaff of chaos.
Crazy Yiuf freezes you.
You are too injured to fight recklessly!
You are too injured to fight recklessly!
You barely miss Crazy Yiuf.
Crazy Yiuf is moderately wounded.
Crazy Yiuf hits you with a +3 quarterstaff of chaos.
Crazy Yiuf burns you.
You closely miss Crazy Yiuf.
Crazy Yiuf is moderately wounded.
Crazy Yiuf barely misses you.
You closely miss Crazy Yiuf.
Crazy Yiuf is moderately wounded.
Crazy Yiuf hits you with a +3 quarterstaff of chaos!
* * * LOW HITPOINT WARNING * * *
Crazy Yiuf freezes you.
* * * LOW HITPOINT WARNING * * *
You hit Crazy Yiuf but do no damage.
Crazy Yiuf is moderately wounded.
Crazy Yiuf hits you with a +3 quarterstaff of chaos!
You die...

####.# #.#
#.........# #.#
#.# #.#
########..# #.#
####.###.#
#..####.#
.........#
#........
.#########
#....>... .#
♣♣♣♣♣##.#...... .#
###
♣♣♣)♣).#..#.#####
.#
#)))#♣))♣).....#[#
.##
#.))g@♣♣♣♣P......#
..# #)))#♣♣
♣♣.#..#.# #.# ###
♣♣####.# #.# #.#
#.######## #.#
.........# #.#
#..####### #.#
..## #.# #.# ##.##


You could see Crazy Yiuf.

Vanquished Creatures
  2 adders (D:2)
  A dart slug (D:1)
  8 ball pythons
  3 bats (D:2)
  5 endoplasms
  3 giant cockroaches
  4 goblins
  2 hobgoblins (D:1)
  6 jackals (D:1)
  A quokka (D:2)
  3 kobolds (D:1)
  6 rats
44 creatures vanquished.

Vanquished Creatures (others)
  6 fungi (D:1)
6 creatures vanquished.

Grand Total: 50 creatures vanquished

Notes
Turn   | Place    | Note
-------+----------+-------------------------------------------
     0 | D:1      | apoch the Hill Orc Fighter began the quest for the Orb.
     0 | D:1      | Reached XP level 1. HP: 19/19 MP: 1/1
    59 | D:1      | Reached skill level 3 in Axes
   364 | D:1      | Reached XP level 2. HP: 18/26 MP: 2/2
   596 | D:1      | Reached skill level 4 in Axes
   617 | D:1      | Reached XP level 3. HP: 25/31 MP: 3/3
   803 | D:1      | Reached skill level 5 in Axes
  1171 | D:2      | Reached XP level 4. HP: 27/39 MP: 4/4
  1745 | D:2      | Found a runed translucent door.
  1746 | D:2      | Noticed Crazy Yiuf
  1858 | D:2      | Mangled by Crazy Yiuf

Illustrated notes

Levels and vault maps discovered:
D:1:      wander_arrival_peaceful_grave, layout_basic,
          dreamdust_mushroom_princess
D:2:      layout_loops_ring, uniq_crazy_yiuf_cottage

Skill      XL: |  1  2  3 |
---------------+----------+-----
Axes           | 3 4 5 |  5.8
Fighting       | |  3.6
Armour         | |  3.2
Shields        | |  3.2

Action                   |  1- 3 |  4- 6 || total
-------------------------+-------+-------++-------
Melee: War axe           |    97 |    22 ||   119
       Whip              |       |    15 ||    15
Throw: Stone             |     4 |       ||     4
Armor: Scale mail        |    49 |    15 ||    64
Dodge: Dodged            |    33 |    14 ||    47
Block: Buckler           |    24 |     8 ||    32
